 Dungeon Crawl Stone Soup version 0.31-a0-542-gdc2a67831c (webtiles) character file.

Game seed: 8642877934331572186

1881 Newt the Spear-Bearer (level 9, 0/60 (69) HPs)
             Began as a Merfolk Gladiator on Aug 14, 2023.
             Was a Believer of Kikubaaqudgha.
             Slain by a wight
             ... wielding a +3 falchion
              (11 damage)
             ... on level 5 of the Dungeon.
             The game lasted 00:07:32 (6702 turns).

Newt the Spear-Bearer (Merfolk Gladiator)           Turns: 6702, Time: 00:07:32

HP:   0/60 (69)     AC:  8    Str: 24    XL:     9   Next: 14%
MP:   9/9           EV: 14    Int:  7    God:    Kikubaaqudgha [**....]
Gold: 73            SH:  0    Dex: 16    Spells: 7/8 levels left

rFire   . . .        r - +3 halberd (freeze)
rCold   + . .        (shield currently unavailable)
rNeg    . . .        v - +0 leather armour {rC+}
rPois   .            i - +2 hat
rElec   .            p - +1 cloak
rCorr   .            (no gloves)
SInv    .            k - +0 pair of boots
Will    .....        g - amulet of the acrobat
Stlth   +            h - +6 ring of strength
HPRegen 0.30/turn    (no ring)
MPRegen 0.11/turn

%: acrobat
@: heavily drained
A: (nimble swimmer 2), mertail
a: Renounce Religion, Unearth Wretches


You were on level 5 of the Dungeon.
You worshipped Kikubaaqudgha.
Kikubaaqudgha was pleased with you.
You visited 1 branch of the dungeon, and saw 6 of its levels.

You collected 313 gold pieces.
You spent 240 gold pieces at shops.

Inventory:

Hand Weapons
 a - a +0 trident of protection
 r - a +3 halberd of freezing (weapon)
Missiles
 d - 2 throwing nets (quivered)
 e - a javelin
Armour
 b - a +0 leather armour
 c - a +0 helmet
 i - a +2 hat (worn)
 k - a +0 pair of boots (worn)
 p - a +1 cloak (worn)
 v - a +0 leather armour of cold resistance (worn)
Jewellery
 g - an amulet of the acrobat (around neck)
 h - a +6 ring of strength (left hand)
Wands
 m - a wand of charming (7)
Scrolls
 f - 2 scrolls of teleportation
 n - a scroll of fog
 o - a scroll of fear
Potions
 j - a potion of lignification
 s - a potion of enlightenment {unknown}
 t - 2 potions of might {unknown}


   Skills:
 - Level 6.0 Fighting
 + Level 8.0 Polearms
 - Level 2.0 Throwing
 - Level 4.0 Armour
 - Level 6.0 Dodging
 - Level 5.0 Necromancy


You had 7 spell levels left.
You knew the following spells:

 Your Spells              Type           Power      Damage    Failure   Level
a - Necrotise             Necr           28%        1d5       7%          1

Your spell library contained the following spells:

 Spells                   Type           Power      Damage    Failure   Level
 Kiss of Death            Conj/Necr      12%        2d6       19%         1
 Vampiric Draining        Necr           7%         2d6       21%         3
 Cigotuvi's Dreadful Rot  Necr/Pois/Air  4%         N/A       38%         2
 Slow                     Hex            0%         N/A       45%         1
 Summon Small Mammal      Summ           0%         N/A       45%         1
 Call Canine Familiar     Summ           0%         N/A       83%         3
 Confusing Touch          Hex            0%         N/A       83%         3
 Summon Guardian Golem    Hex/Summ       0%         N/A       83%         3
 Olgreb's Toxic Radiance  Pois           0%         N/A       99%         4
 Conjure Ball Lightning   Conj/Air       0%         3x3d6     100%        6
 Discord                  Hex            0%         N/A       100%        8
 Disjunction              Tloc           0%         N/A       100%        8
 Ignition                 Fire           0%         3d3       100%        8


Dungeon Overview and Level Annotations

Branches:
Dungeon (6/15)             Temple (0/1) D:5

Altars:
Kikubaaqudgha
Nemelex Xobeh
Okawaru
Vehumet
Zin

Shops:
D:1 [   D:2 =   D:5 :

Annotations:
D:3 3 runed translucent doors, innerfire43's ghost, amateur GnSh


Innate Abilities, Weirdness & Mutations

((You are very nimble when in or above water. (Stealth+, EV+, Speed+++)))
Your lower body shifts to a powerful aquatic tail in water.


Message History

There is a stone staircase leading up, spattered with blood here.
You closely miss the wight. The wight closely misses you.
You hit the wight.
The wight is lightly damaged.
An ogre comes into view. It is wielding a +0 giant club.
The wight hits you with a +3 falchion.
You feel drained.
The ogre shouts!
You puncture the wight!
The wight is severely damaged.
The wight barely misses you.
You hit the wight.
The wight is almost destroyed.
The wight hits you with a +3 falchion.
You feel drained.
You hit the wight but do no damage.
The wight is severely damaged.
The wight barely misses you.
You closely miss the wight.
The wight is severely damaged.
The wight hits you with a +3 falchion! The wight hits you with a +2 war axe.
You feel drained.
You are too injured to fight recklessly!
You are too injured to fight recklessly!
You are too injured to fight recklessly!
Unknown command.
The wight completely misses you. The wight hits you with a +2 war axe!
* * * LOW HITPOINT WARNING * * *
You climb upwards.
There is a stone staircase leading down, spattered with blood here.
Unknown command.
The wight barely misses you. The wight attacks as you move away!
The wight hits you with a +3 falchion.
* * * LOW HITPOINT WARNING * * *
The wight hits you with a +2 war axe.
* * * LOW HITPOINT WARNING * * *
You feel drained.
* * * LOW HITPOINT WARNING * * *
The wight attacks as you move away! The wight misses you.
You feel better. The wight hits you with a +3 falchion!
You die...
Kikubaaqudgha rasps: "You have failed me!
Welcome... death!"

.........##.........##....#....##
....##.####........######.##.....
........###.........#####.#......
....#.......####.#.....##........
...........## #.#...............
.....##....# #.#........<......
...........# #.####.##.#<......
...####....# ##.# #....##....#.
.### #....####.@#######.....####
.# ####......zz.# ###....... .#
#......[..# ###.#... .#
#......>..# #.##.> .# ###########
#.##.. ## #.#### # ### # # #


You could see 2 wights.

Vanquished Creatures
  Grinder (D:5)
  3 ice beasts
  3 ogres
  2 centaurs
  A phantom (D:3)
  2 scorpions
  2 wights (D:5)
  4 hounds
  2 jellies
  3 orc priests
  2 iguanas (D:5)
  4 orc wizards
  13 adders
  An ufetubus (D:4)
  3 worms
  4 dart slugs
  27 orcs
  14 ball pythons
  3 bats
  6 endoplasms
  3 giant cockroaches
  6 goblins
  6 hobgoblins
  7 jackals
  3 quokkas
  5 frilled lizards
  7 kobolds
  6 rats
143 creatures vanquished.

Vanquished Creatures (others)
  An orc (D:5)
1 creature vanquished.

Grand Total: 144 creatures vanquished

Notes
Turn   | Place    | Note
-------+----------+-------------------------------------------
     0 | D:1      | Newt the Merfolk Gladiator began the quest for the Orb.
     0 | D:1      | Reached XP level 1. HP: 16/16 MP: 1/1
   103 | D:1      | Reached XP level 2. HP: 23/23 MP: 2/2
   371 | D:1      | Reached XP level 3. HP: 30/30 MP: 3/3
   526 | D:1      | Found Xibani's Antique Armour Emporium.
   940 | D:2      | Found Numeot Gore's Jewellery Boutique.
   960 | D:2      | Found a radiant altar of Vehumet.
  1057 | D:2      | Reached XP level 4. HP: 31/37 MP: 4/4
  1061 | D:2      | Reached skill level 5 in Polearms
  1792 | D:3      | Reached skill level 6 in Polearms
  1792 | D:3      | Reached XP level 5. HP: 42/42 MP: 5/5
  1854 | D:3      | Found a runed translucent gate.
  1854 | D:3      | Found a runed translucent gate.
  1856 | D:3      | Found a runed translucent gate.
  1858 | D:3      | Noticed innerfire43's ghost (amateur GnSh)
  1940 | D:3      | Noticed a phantom
  1956 | D:3      | Killed a phantom
  1957 | D:3      | Reached skill level 7 in Polearms
  2048 | D:3      | Found an ancient bone altar of Kikubaaqudgha.
  2094 | D:3      | Found a glowing silver altar of Zin.
  2094 | D:3      | Found an iron altar of Okawaru.
  2319 | D:3      | Became a worshipper of Kikubaaqudgha
  2382 | D:1      | Bought a glowing cloak for 240 gold pieces
  2722 | D:4      | Reached skill level 5 in Dodging
  2722 | D:4      | Reached XP level 6. HP: 34/48 MP: 6/6
  3137 | D:4      | Reached skill level 1 in Necromancy
  3541 | D:4      | Reached XP level 7. HP: 43/54 MP: 7/7
  3861 | D:4      | Found a sparkling altar of Nemelex Xobeh.
  3953 | D:4      | Reached * piety under Kikubaaqudgha
  3953 | D:4      | Received a gift from Kikubaaqudgha
  4011 | D:5      | Entered Level 5 of the Dungeon
  5162 | D:4      | Reached XP level 8. HP: 57/60 MP: 8/8
  5168 | D:4      | Reached skill level 5 in Necromancy
  5273 | D:4      | Learned a level 1 spell: Necrotise
  5330 | D:5      | Reached skill level 5 in Fighting
  5499 | D:5      | Reached skill level 1 in Armour
  5503 | D:5      | Noticed Grinder
  5529 | D:5      | Paralysed by Grinder for 3 turns
  5538 | D:5      | Killed Grinder
  5777 | D:5      | Found Tulub's Self-Published Books.
  5868 | D:5      | Found a staircase to the Ecumenical Temple.
  6045 | D:5      | Reached XP level 9. HP: 17/67 MP: 9/9
  6046 | D:5      | Reached ** piety under Kikubaaqudgha
  6369 | D:5      | HP: 2/66 [wight/+3 halberd (5)]
  6373 | D:5      | Reached skill level 8 in Polearms
  6700 | D:5      | HP: 3/62 [wight/+2 war axe (6)]
  6702 | D:5      | Slain by a wight

Illustrated notes

Levels and vault maps discovered:
D:1:      heliophobic_arrival_battle_scene, layout_basic, serial_shops,
          nicolae_shop_real_fake_doors, grunt_decor_junction,
          palyth_stone_intersect, minmay_pentomino_w2
D:2:      kennysheep_six_static_rooms, layout_basic, basic_altar, serial_shops,
          nicolae_shop_behind_doors
D:3:      layout_loops_cross, mainiacjoe_overflow_six_doors_small,
          gammafunk_temple_overflow_statue, ebering_ghost_rock_garden,
          chequers_serial_rivers_micro_b, hangedman_decor_lopped
D:4:      minmay_razor_zed, layout_basic, nemelex_altar_shiori,
          chequers_serial_rivers_micro_d
D:5:      layout_rooms, minmay_temple_entry_drinking_statues,
          nicolae_custom_books, uniq_grinder
D:6:      layout_cave_pods, evilmike_ruin_ashenzari,
          minmay_misc_feat_secret_circle, minmay_misc_feat_x, chequers_garden

Skill      XL: |  1  2  3  4  5  6  7  8  9 |
---------------+----------------------------+-----
Fighting       | 3 4 6 |  6.0
Polearms       | 6 7 8 |  8.0
Dodging        | 5 6 |  6.0
Necromancy     | 2 4 5 |  5.0
Armour         | 3 4 |  4.0
Throwing       | |  2.0

Action                     |  1- 3 |  4- 6 |  7- 9 || total
---------------------------+-------+-------+-------++-------
  Melee: Trident           |    82 |   260 |   279 ||   621
         Punch             |     1 |     3 |     5 ||     9
         Halberd           |       |       |     6 ||     6
  Throw: Throwing net      |       |       |     6 ||     6
   Cast: Necrotise         |       |       |     3 ||     3
    Use: Scroll            |     2 |     4 |     5 ||    11
         Potion            |       |     3 |     1 ||     4
   Stab: Sleeping          |     3 |     1 |     1 ||     5
         Held in net/web   |       |       |     2 ||     2
 Armour: Leather armour    |    28 |    77 |   117 ||   222
  Dodge: Dodged            |    68 |   135 |   220 ||   423

Table legend: (Time is in decaauts)
 A = Elapsed time spent in this place.
 B = Non-inter-level travel time spent in this place.
 C = Inter-level travel time spent in this place.
 D = Time resting spent in this place.
 E = Time spent auto-exploring this place.
 F = Levels seen in this place.
 G = Mean time per level.
                   A        B        C        D        E       F      G
               +--------+--------+--------+--------+--------+-----+--------+
         Total |   6685 |   6330 |    355 |   2038 |   3147 |   6 | 1114.2 |
       Dungeon |   6685 |   6330 |    355 |   2038 |   3147 |   6 | 1114.2 |
               +--------+--------+--------+--------+--------+-----+--------+

Top non-repeatable levels by time:
     D:4: 2742 daAuts
     D:5: 1334 daAuts
     D:2: 967 daAuts
     D:1: 785 daAuts
     D:3: 770 daAuts
     D:6: 84 daAuts
